 Seeded DCSS version 0.30.0-29-ga12c61a403 (webtiles) character file.

Game seed: 18028979124691363195 (custom seed)

13 IndexError the Covered (level 2, 27/27 HPs)
             Began as a Minotaur Fighter on June 16, 2023.
             Quit the game on level 1 of the Dungeon.
             The game lasted 00:00:17 (239 turns).

IndexError the Covered (Minotaur Fighter)            Turns: 239, Time: 00:00:17

Health: 27/27      AC:  8    Str: 20    XL:     2   Next: 24%
Magic:  1/1        EV:  9    Int:  5    God:
Gold:   72         SH:  4    Dex:  9    Spells: 1/1 levels left

rFire   . . .        a - +0 trident
rCold   . . .        c - +0 buckler
rNeg    . . .        b - +0 scale mail
rPois   .            (helmet restricted)
rElec   .            (no cloak)
rCorr   .            (no gloves)
SInv    .            e - +0 pair of boots
Will    .....        (no amulet) Stlth
                     (no ring)
HPRegen 0.24/turn    (no ring)
MPRegen 0.07/turn

%: no passive effects
@: no status effects
A: horns 2, retaliatory headbutt
a: no special abilities


You were on level 1 of the Dungeon.
You visited 1 branch of the dungeon, and saw 1 of its levels.

You collected 72 gold pieces.

Inventory:

Hand Weapons
 a - a +0 trident (weapon)
Armour
 b - a +0 scale mail (worn)
 c - a +0 buckler (worn)
 e - a +0 pair of boots (worn)
   (You found it on level 1 of the Dungeon)
Magical Staves
 f - a staff of earth
   (You found it on level 1 of the Dungeon)
Potions
 d - a potion of might
 g - a potion of flight {unknown}


   Skills:
 + Level 3.7 Fighting
 + Level 2.5(2.6) Polearms
 * Level 0.8(1.8) Staves
 + Level 3.7 Armour
 * Level 0.8 Dodging
 + Level 3.7 Shields
 * Level 0.8 Unarmed Combat


You had one spell level left.
You didn't know any spells.
Your spell library contained the following spells:

 Spells                   Type           Power      Damage    Failure   Level
 Sandblast                Erth           0%         2d4       88%         1
 Passwall                 Tmut/Erth      0%         N/A       95%         2
 Stone Arrow              Conj/Erth      0%         3d7       99%         3


Dungeon Overview and Level Annotations

Branches:
Dungeon (1/15)

Altars:


Innate Abilities, Weirdness & Mutations

You have a pair of horns on your head.
You reflexively headbutt those who attack you in melee.


Message History

You now have 13 gold pieces.
There is a staircase leading out of the dungeon here.
e - a +0 pair of boots
Okay, then.
You start putting on your armour.
You continue putting on your +0 pair of boots. x4
You finish putting on your +0 pair of boots.
You now have 28 gold pieces (gained 15).
You open the door.
A quokka comes into view.
A quokka is nearby!
You reach to attack!
You barely miss the quokka.
You hear a shout!
A goblin comes into view. It is wielding a +0 dagger.
You hit the quokka but do no damage. Your headbutt misses the quokka.
You block the quokka's attack.
The quokka bites you but does no damage.
You closely miss the quokka. You block the quokka's attack.
You closely miss the quokka. You block the quokka's attack. x2
You closely miss the quokka. Your headbutt misses the quokka.
The quokka barely misses you.
You closely miss the quokka. Your headbutt misses the quokka.
The quokka closely misses you. You furiously retaliate!
You headbutt the quokka, but do no damage.
The quokka bites you.
You take 1 damage, and have 18/19 hp.
You puncture the quokka!
A dart slug comes into view.
You hit the dart slug. You headbutt the dart slug.
Health restored: 20 You hit the goblin.
The goblin hits you but does no damage.
A goblin is nearby!
You barely miss the goblin.
The goblin hits you but does no damage. x2
You closely miss the goblin. You block the goblin's attack.
You closely miss the goblin. The goblin hits you but does no damage.
You hit the goblin.
No target in view!
No target in view!
There is an open door here.
Things that are here:
a +0 dagger; a goblin corpse; a quokka corpse You now have 42 gold pieces (gained 14).
A rat comes into view.
A rat is nearby!
A rat is nearby!
You closely miss the rat. You block the rat's attack.
You hit the rat.
No target in view!
No target in view!
You now have 51 gold pieces (gained 9).
You open the door.
An endoplasm comes into view.
The endoplasm quivers.
There is an open door here.
An endoplasm is nearby!
An endoplasm is nearby!
You reach to attack!
You puncture the endoplasm!
No target in view!
Found a stone staircase leading down.
You see here a +0 robe.
A hobgoblin comes into view.
A hobgoblin is nearby!
You puncture the hobgoblin!
You have reached level 2!
Health restored: 27; MP restored: 1 No target in view!
No target in view!
A goblin comes into view. It is wielding a +0 club.
The goblin shouts!
You hear a shout!
A goblin is nearby!
A goblin is nearby!
A goblin comes into view. It is wielding a +0 club.
The goblin shouts!
A goblin comes into view. It is wielding a +0 club.
The goblin shouts!
You puncture the goblin!
You see here a +0 club.
Found a stone staircase leading down.
You hit the goblin but do no damage. Your headbutt misses the goblin.
You barely miss the goblin. You block the goblin's attack.
The goblin hits you but does no damage. x2
You puncture the goblin! You block the goblin's attack.
You hit the goblin. The goblin hits you with a +0 club.
You take 1 damage, and have 26/27 hp.
You puncture the goblin!
Health restored: 27 No target in view!
Found a stone staircase leading down.
There is a stone staircase leading down here.
You now have 63 gold pieces (gained 12).
f - a staff of earth
g - a white potion No target in view!
You now have 72 gold pieces (gained 9).
You pick up a book of Geomancy and begin reading...
You add the spells Sandblast, Passwall and Stone Arrow to your library.
A goblin comes into view. It is wielding a +0 dagger.
The goblin shouts!
You hear a shout!
A goblin is nearby!
Are you sure you want to abandon this character and quit the game? (Confirm with "yes".)

##.##.##..#########
#.......######
#.##.###.....#
#.##.# #.###.#
#.##.###.###.#
#.##.........#
#######..#.#.# ###
#..#.#.###.g...
#......@...#
#.####.##### #. #.#
#. ..# ## ####


You could see a goblin.

Vanquished Creatures
  A dart slug (D:1)
  An endoplasm (D:1)
  4 goblins (D:1)
  A hobgoblin (D:1)
  A quokka (D:1)
  A rat (D:1)
9 creatures vanquished.

Notes
Turn   | Place    | Note
-------+----------+-------------------------------------------
     0 | D:1      | IndexError the Minotaur Fighter began the quest for the
                  | Orb.
     0 | D:1      | Reached XP level 1. HP: 19/19 MP: 0/0
   132 | D:1      | Reached XP level 2. HP: 27/27 MP: 1/1
   239 | D:1      | Quit the game

Illustrated notes

Levels and vault maps discovered:
D:1:      nicolae_arrival_washed_ashore, layout_loops_cross,
          minmay_misc_feat_rugged, minmay_box_of_dots

Action                     || total
---------------------------++-------
  Melee: Trident           ||    23
         Headbutt          ||     1
 Armour: Scale mail        ||     7
  Dodge: Dodged            ||     2
  Block: Buckler           ||     8

Levels and vault maps discovered:
D:1:      nicolae_arrival_washed_ashore, layout_loops_cross,
          minmay_misc_feat_rugged, minmay_box_of_dots

Table legend: (Time is in decaauts)
 A = Elapsed time spent in this place.
 B = Non-inter-level travel time spent in this place.
 C = Inter-level travel time spent in this place.
 D = Time resting spent in this place.
 E = Time spent auto-exploring this place.
 F = Levels seen in this place.
 G = Mean time per level.
                   A        B        C        D        E       F      G
               +--------+--------+--------+--------+--------+-----+--------+
         Total |    243 |    243 |      0 |      0 |    190 |   1 |  243.0 |
       Dungeon |    243 |    243 |      0 |      0 |    190 |   1 |  243.0 |
               +--------+--------+--------+--------+--------+-----+--------+

Top non-repeatable levels by time:
     D:1: 243 daAuts

Table legend:
 A = Kills in this place as a percentage of kills in the entire game.
 B = Kills by you in this place as a percentage of kills by you in the entire game.
 C = Kills by friends in this place as a percentage of kills by friends in the entire game.
 D = Other kills in this place as a percentage of other kills in the entire game.
 E = Experience gained in this place as a percentage of experience gained in the entire game.
 F = Experience gained in this place divided by the number of levels of this place that you have seen.
                   A       B       C       D       E      F
               +-------+-------+-------+-------+-------+----------------------
         Total | 100.0 | 100.0 |   N/A |   N/A | 100.0 |  19.0
       Dungeon | 100.0 | 100.0 |   N/A |   N/A | 100.0 |  19.0
               +-------+-------+-------+-------+-------+----------------------
